 Dungeon Crawl Stone Soup version 0.29.1-15-g9cfb28693d (webtiles) character file.

Game seed: 2117471504689507301

980 SarahS the Chopper (level 8, -11/80 HPs)
             Began as an Ogre Gladiator on Feb 27, 2023.
             Was an Initiate of Yredelemnul.
             Killed from afar by a steam dragon (23 damage)
             ... with a ball of steam
             ... on level 6 of the Dungeon.
             The game lasted 01:25:59 (6756 turns).

SarahS the Chopper (Ogre Gladiator)                 Turns: 6756, Time: 01:26:00

Health: -11/80     AC:  5    Str: 21    XL:     8   Next: 17%
Magic:  8/8        EV: 10    Int:  9    God:    Yredelemnul [......]
Gold:   267        SH:  5    Dex: 10    Spells: 7/7 levels left

rFire   . . .      SeeInvis .   a - +0 war axe
rCold   . . .      Faith    .   (no shield)
rNeg    . . .      Spirit   .   b - +1 robe
rPois   .          Reflect  +   A - +1 hat
rElec   .          Harm     .   (no cloak)
rCorr   .          Rampage  .   (gloves unavailable)
Will    .....                   (boots unavailable)
Stlth   ++........              O - amulet of reflection
HPRegen 0.23/turn               (no ring)
MPRegen 0.11/turn               (no ring)

@: studying Stealth
A: large, unfitting armour, tough skin 1
a: Renounce Religion, Recall Undead Harvest


You were on level 6 of the Dungeon.
You worshipped Yredelemnul.
Yredelemnul was noncommittal.
You visited 2 branches of the dungeon, and saw 7 of its levels.

You collected 267 gold pieces.

Inventory:

Hand Weapons
 a - a +0 war axe (weapon)
 e - a +0 spear
 g - a +0 mace
 i - a +0 dagger
 j - a +0 dagger
 l - a +0 club
 o - a +0 dagger
 p - a +0 dagger
 r - a +0 whip
 s - a +0 spear
 x - a +0 dagger
 y - a +0 club
 z - a +0 club
 C - a +0 flail
 F - a +0 dagger
 G - a +0 dagger
 I - a +0 spear
 J - a +0 whip
 N - a +0 flail
Missiles
 f - 39 stones
 h - a large rock
 n - 18 poisoned darts
 u - a boomerang (quivered)
 L - a javelin
Armour
 b - a +1 robe (worn)
 c - a +0 hat
 A - a +1 hat (worn)
 D - a +0 robe
Magical Staves
 M - a staff of poison
 Q - a staff of fire
Jewellery
 O - an amulet of reflection (around neck)
Wands
 q - a wand of roots (7)
 v - a wand of charming (7)
 w - a wand of mindburst (16)
Scrolls
 k - 2 scrolls of butterflies
 E - a scroll of noise
 P - a scroll of poison
Potions
 d - a potion of flight {unknown}
 m - 2 potions of lignification
 t - 3 potions of curing {unknown}
 B - a potion of degeneration
 H - a potion of invisibility {unknown}
 K - 3 potions of attraction {unknown}
 S - a potion of might {unknown}


   Skills:
 + Level 5.0 Fighting
 + Level 6.0 Axes
 + Level 5.4 Throwing
 + Level 4.2 Dodging
 + Level 2.2 Stealth
 + Level 0.3 Shields
 + Level 0.4 Invocations


You had 7 spell levels left.
You didn't know any spells.
Your spell library was empty.

Dungeon Overview and Level Annotations

Branches:
Dungeon (6/15)             Temple (1/1) D:5

Altars:
Ashenzari
Cheibriados
Dithmenos
Elyvilon
Fedhas
Gozag
Hepliaklqana
Kikubaaqudgha
Makhleb
Nemelex Xobeh
Okawaru
Qazlal
Ru
Sif Muna
Trog
Uskayaw
Vehumet
Wu Jian
Xom
Yredelemnul
Zin
The Shining One


Innate Abilities, Weirdness & Mutations

You are too large for most types of armour.
You have tough skin. (AC +1)


Message History

Your ice beast zombie completely misses the steam dragon.
Your orc zombie barely misses the steam dragon.
The iguana bites your ice beast zombie.
Throw: boomerang
Press: ? - help, Q - select action, (/) - cycle Shift-Dir - straight line, f/p - steam dragon
Aim: a steam dragon (heavily wounded, catching its breath, ally target, 60% to hit)
You throw a boomerang.
The boomerang hits the steam dragon but does no damage.
The steam dragon is heavily wounded.
The steam dragon closely misses you. You block the steam dragon's attack.
The iguana bites your ice beast zombie.
Your ice beast zombie misses the iguana.
The steam dragon attacks as you move away!
The steam dragon barely misses you. The steam dragon completely misses you.
The iguana bites your ice beast zombie but does no damage.
Your ice beast zombie hits the iguana.
You closely miss the steam dragon.
The steam dragon is heavily wounded.
You block the steam dragon's attack. x2
The iguana bites your ice beast zombie!
Your ice beast zombie hits the iguana but does no damage.
Your orc zombie barely misses the steam dragon.
There are monsters nearby!
The steam dragon bites you but does no damage.
The steam dragon claws you.
* * * LOW HITPOINT WARNING * * *
The iguana bites your ice beast zombie!
Your ice beast zombie is destroyed!
Your orc zombie hits the steam dragon but does no damage.
The steam dragon attacks as you move away!
You block the steam dragon's attack.
The steam dragon claws you but does no damage.
The steam dragon attacks as you move away!
The steam dragon barely misses you.
The steam dragon claws you but does no damage.
Your orc zombie hits the iguana but does no damage.
The steam dragon breathes steam at you. The ball of steam hits you!!
You die...
Your body rises from the dead as a mindless zombie.

.......).## #..# #.......
#.#.#.#.#...###..# #.......
.............##..####.......
#.#.#.#.#.........##........
....$..........##........
#.#.#.#...Z...............
...........l....##........#
#.#.#.#.#...D..######.>.....
...........@..## #..####.
.#<#.#.#....## #..# #
........## ##.##
#.#.###....# #..# ...
..#...####.## #.#
#........#..# #
##...##.....# ##.####...##
##..##


You could see a steam dragon (catching breath, ally target), an iguana and a
friendly orc zombie.

Vanquished Creatures
  2 ice beasts (D:6)
  An ogre (D:5)
  2 phantoms (D:6)
  A scorpion (D:4)
  A hound (D:4)
  3 jellies
  2 iguanas
  3 adders
  A gnoll (D:1)
  An ufetubus (D:4)
  A worm (D:3)
  7 dart slugs
  5 orcs
  8 ball pythons
  9 bats
  10 endoplasms
  5 giant cockroaches
  11 goblins
  5 hobgoblins
  3 quokkas
  3 frilled lizards (D:1)
  9 kobolds
  5 rats
  A spectral orc (D:4)
99 creatures vanquished.

Vanquished Creatures (collateral kills)
  An ice beast (D:6)
  A necrophage (D:6)
  An adder (D:5)
  A shadow imp (D:6)
  An ufetubus (D:5)
  A dart slug (D:1)
  A ball python (D:4)
7 creatures vanquished.

Vanquished Creatures (others)
  2 ice beast zombies (D:6)
  A jelly zombie (D:6)
  A spectral shadow imp (D:6)
  2 adder zombies (D:6)
  A bat zombie (D:1)
  A ball python zombie (D:4)
  2 giant cockroach zombies (D:4)
  A goblin zombie (D:4)
  12 plants (D:1)
23 creatures vanquished.

Grand Total: 129 creatures vanquished

Notes
Turn   | Place    | Note
-------+----------+-------------------------------------------
     0 | D:1      | SarahS the Ogre Gladiator began the quest for the Orb.
     0 | D:1      | Reached XP level 1. HP: 22/22 MP: 1/1
   278 | D:1      | Reached XP level 2. HP: 26/29 MP: 2/2
   425 | D:1      | Reached XP level 3. HP: 11/36 MP: 3/3
  1377 | D:2      | Reached XP level 4. HP: 44/45 MP: 4/4
  1380 | D:2      | Found a bloodstained altar of Trog.
  1573 | D:2      | You fall into a shaft and drop 1 floor!
  2056 | D:3      | Reached skill level 4 in Axes
  2056 | D:3      | Reached skill level 1 in Stealth
  2249 | D:3      | Reached XP level 5. HP: 44/53 MP: 5/5
  3172 | D:1      | Found a faded altar of an unknown god.
  3176 | D:1      | Prayed at the altar of an unknown god.
  3176 | D:1      | Became a worshipper of Yredelemnul the Dark
  3976 | D:4      | Found a basalt altar of Yredelemnul.
  4361 | D:4      | Reached XP level 6. HP: 47/62 MP: 6/6
  4519 | D:4      | Reached * piety under Yredelemnul
  5042 | D:5      | Entered Level 5 of the Dungeon
  5123 | D:5      | Found a staircase to the Ecumenical Temple.
  5270 | Temple   | Entered the Ecumenical Temple
  6114 | D:6      | Noticed an ice beast
  6125 | D:6      | Killed an ice beast
  6126 | D:6      | Reached skill level 5 in Axes
  6126 | D:6      | Reached XP level 7. HP: 47/70 MP: 7/7
  6343 | D:6      | Found a sacrificial altar of Ru.
  6484 | D:6      | Reached skill level 5 in Throwing
  6717 | D:6      | Reached XP level 8. HP: 77/79 MP: 8/8
  6727 | D:6      | Reached ** piety under Yredelemnul
  6730 | D:6      | Reached skill level 5 in Fighting
  6733 | D:6      | Reached skill level 6 in Axes
  6756 | D:6      | Killed from afar by a steam dragon

Illustrated notes

Levels and vault maps discovered:
D:1:      dpeg_arrival_shrine, layout_basic,
          shapermc_ecumenical_altar_mp_vishouse, serial_bayou_lagoon_b
D:2:      layout_rooms, basic_altar, minmay_cupped
D:3:      layout_basic, minmay_between
D:4:      layout_loops_corners, yredelemnul_forgotten_temple_becter,
          corexii_leaking_fountain, eino_small_chamber_without_monster,
          hangedman_feature_mirror, minmay_tree_intersection
D:5:      layout_basic, minmay_temple_entry_statues_pillars,
          grunt_ministairs_12, minmay_door_square, minmay_misc_feat_x,
          minmay_joined_circles
D:6:      cheibrodos_barr_body, layout_layer_cave,
          nicolae_ru_sacrificial_ziggurat, serial_shops, shop_fountains,
          eino_small_chamber_without_monster, st_stairs_11
Temple:   mainiacjoe_temple_cubbyholes

Skill      XL: |  1  2  3  4  5  6  7  8 |
---------------+-------------------------+-----
Dodging        | 3 4 |  4.2
Fighting       | 3 4 5 |  5.0
Axes           | 4 5 6 |  6.0
Stealth        | 1 2 |  2.2
Throwing       | 3 4 5 |  5.4
Shields        | |  0.3
Invocations    | |  0.4

Action                   |  1- 3 |  4- 6 |  7- 9 || total
-------------------------+-------+-------+-------++-------
Melee: War axe           |    77 |   117 |    35 ||   229
       Punch             |       |     1 |       ||     1
Throw: Large rock        |     4 |       |       ||     4
       Stone             |     8 |    18 |       ||    26
       Javelin           |    13 |    43 |       ||    56
       Dart              |     9 |       |       ||     9
       Throwing net      |       |     4 |       ||     4
       Boomerang         |       |    36 |     9 ||    45
Invok: Recall Undead Har |       |     3 |       ||     3
  Use: Scroll            |     3 |     7 |     1 ||    11
Armor: Robe              |    35 |    83 |    16 ||   134
Dodge: Dodged            |    57 |   114 |    25 ||   196
Block: Other             |       |     3 |     8 ||    11
